 Dungeon Crawl Stone Soup version 0.26.1-2-gb8aa6d0cf2 (webtiles) character file.

Game seed: 9865960037949854133

124 DearestLeader the Shield-Bearer (level 5, -3/47 HPs)
             Began as a Gnoll Fighter on Mar 14, 2021.
             Killed from afar by an orc wizard (9 damage)
             ... with a magic dart
             ... on level 3 of the Dungeon.
             The game lasted 00:02:57 (1168 turns).

DearestLeader the Shield-Bearer (Gnoll Fighter)     Turns: 1168, Time: 00:02:58

Health: -3/47      AC:  7    Str: 18    XL:     5   Next: 8%
Magic:  7/7        EV:  8    Int: 11    God:
Gold:   78         SH: 10    Dex: 15    Spells: 6/6 levels left

rFire    . . .     SeeInvis .   a - +0 trident
rCold    . . .     Faith    .   c - +0 kite shield
rNeg     . . .     Spirit   .   b - +0 scale mail
rPois    .         Reflect  .   (no helmet)
rElec    .         Harm     .   (no cloak)
rCorr    .         Rampage  .   (no gloves)
Will     .....                  (no boots)
Stlth    ..........             (no amulet)
HPRegen  0.15/turn              (no ring)
MPRegen  0.10/turn              (no ring)

@: mighty, slowed, very slow
A: distributed training, fangs 1, strong nose
a: no special abilities


You were on level 3 of the Dungeon.
You visited 1 branch of the dungeon, and saw 3 of its levels.

You collected 78 gold pieces.

Inventory:

Hand Weapons
 a - a +0 trident (weapon)
Missiles
 g - 10 atropa-tipped darts (quivered)
Armour
 b - a +0 scale mail (worn)
 c - a +0 kite shield (worn)
Jewellery
 h - an uncursed ring of ice
Scrolls
 e - a scroll of remove curse
Potions
 f - a potion of lignification {unknown}
 i - a potion of invisibility {unknown}


   Skills:
 + Level 6.6 Fighting
 + Level 1.3 Short Blades
 + Level 1.3 Long Blades
 + Level 1.3 Axes
 + Level 1.3 Maces & Flails
 + Level 4.7 Polearms
 + Level 1.3 Staves
 + Level 1.3 Slings
 + Level 1.3 Bows
 + Level 1.3 Crossbows
 + Level 1.3 Throwing
 + Level 6.6 Armour
 + Level 1.3 Dodging
 + Level 1.3 Stealth
 + Level 6.6 Shields
 + Level 1.3 Unarmed Combat
 + Level 1.3 Spellcasting
 + Level 1.1 Conjurations
 + Level 1.1 Hexes
 + Level 1.1 Summonings
 + Level 1.1 Necromancy
 + Level 1.1 Translocations
 + Level 1.1 Transmutations
 + Level 1.1 Fire Magic
 + Level 1.1 Ice Magic
 + Level 1.1 Air Magic
 + Level 1.1 Earth Magic
 + Level 1.1 Poison Magic
 + Level 1.5 Invocations
 + Level 1.3 Evocations


You had 6 spell levels left.
You didn't know any spells.
Your spell library was empty.

Dungeon Overview and Level Annotations

Branches:
Dungeon (3/15)

Altars:


Innate Abilities, Weirdness & Mutations

Your experience applies equally to all skills.
You have very sharp teeth.
Your uncanny sense of smell can sniff out nearby items.


Message History

* * * LOW HITPOINT WARNING * * *
The orc wizard points at you and mumbles some strange words.
The magic dart hits you.
* * * LOW HITPOINT WARNING * * *
You block the orc wizard's attack.
You feel very mighty all of a sudden.
The orc wizard points at you and mumbles some strange words.
The magic dart hits you.
* * * LOW HITPOINT WARNING * * *
The orc wizard mumbles some strange words.
The orc wizard blinks!
Unknown command.
You closely miss the orc wizard. The orc wizard closely misses you.
The orc wizard mumbles some strange words.
The orc wizard blinks!
The orc hits you with a cursed -1 club.
* * * LOW HITPOINT WARNING * * *
You block the orc wizard's attack.
The orc wizard gestures at you while chanting.
The magic dart hits you!
You die...

#.##.# #.# #.##.# #.#
#.##.##########.## .
#.#..............# ..
#.#..##########..# .. #.#..#
#..# .. ..#.(# #..# .####
.##..##########..#######......
.##............o@o.ro..)..#
.##..............####.##.#...#
.....#######.#.### #.# .. .
.)...# #.#.# #.. ##
..##########.#.# #..#
..........##.#.# #..#
...######.##.#.######...
...####..<..†......##..#
.....##.######.###.#


You could see an orc wizard (fast), 2 orcs and a quokka.

Vanquished Creatures
  An orc priest (D:3)
  4 adders
  A worm (D:2)
  A dart slug (D:2)
  3 leopard geckos
  3 orcs (D:3)
  2 giant cockroaches (D:1)
  6 goblins
  3 hobgoblins
  8 jackals
  2 kobolds
  A ball python (D:2)
  4 bats
  A frilled lizard (D:1)
  5 rats
45 creatures vanquished.

Notes
Turn   | Place    | Note
-------+----------+-------------------------------------------
     0 | D:1      | DearestLeader the Gnoll Fighter began the quest for the
                  | Orb.
     0 | D:1      | Reached XP level 1. HP: 23/23 MP: 1/1
    27 | D:1      | Reached XP level 2. HP: 24/29 MP: 2/2
   724 | D:2      | Reached XP level 3. HP: 35/35 MP: 3/3
   772 | D:2      | Reached skill level 1 in Invocations
   825 | D:2      | Reached skill level 1 in Short Blades
   825 | D:2      | Reached skill level 1 in Long Blades
   825 | D:2      | Reached skill level 1 in Axes
   825 | D:2      | Reached skill level 1 in Maces & Flails
   825 | D:2      | Reached skill level 1 in Staves
   825 | D:2      | Reached skill level 1 in Slings
   825 | D:2      | Reached skill level 1 in Bows
   825 | D:2      | Reached skill level 1 in Crossbows
   825 | D:2      | Reached skill level 1 in Throwing
   825 | D:2      | Reached skill level 1 in Dodging
   825 | D:2      | Reached skill level 1 in Stealth
   825 | D:2      | Reached skill level 1 in Unarmed Combat
   825 | D:2      | Reached skill level 1 in Spellcasting
   825 | D:2      | Reached skill level 1 in Evocations
   834 | D:2      | Reached XP level 4. HP: 35/41 MP: 5/5
   851 | D:2      | Noticed a black bear
  1154 | D:3      | Reached skill level 1 in Conjurations
  1154 | D:3      | Reached skill level 1 in Hexes
  1154 | D:3      | Reached skill level 1 in Summonings
  1154 | D:3      | Reached skill level 1 in Necromancy
  1154 | D:3      | Reached skill level 1 in Translocations
  1154 | D:3      | Reached skill level 1 in Transmutations
  1154 | D:3      | Reached skill level 1 in Fire Magic
  1154 | D:3      | Reached skill level 1 in Ice Magic
  1154 | D:3      | Reached skill level 1 in Air Magic
  1154 | D:3      | Reached skill level 1 in Earth Magic
  1154 | D:3      | Reached skill level 1 in Poison Magic
  1154 | D:3      | Reached XP level 5. HP: 17/47 MP: 6/6
  1168 | D:3      | Killed from afar by an orc wizard

Illustrated notes

Levels and vault maps discovered:
D:1:      dpeg_arrival_renting, layout_rooms, hex_tiny
D:2:      layout_rooms, overflow_temple_1_default
D:3:      layout_loops_ring, portal_sewer_entry_e, ebering_dispersal_statue_hall

Skill      XL: |  1  2  3  4 |
---------------+-------------+-----
Invocations    | 1 |  1.5
Short Blades   | 1 |  1.3
Long Blades    | 1 |  1.3
Axes           | 1 |  1.3
Maces & Flails | 1 |  1.3
Staves         | 1 |  1.3
Slings         | 1 |  1.3
Bows           | 1 |  1.3
Crossbows      | 1 |  1.3
Throwing       | 1 |  1.3
Dodging        | 1 |  1.3
Stealth        | 1 |  1.3
Unarmed Combat | 1 |  1.3
Spellcasting   | 1 |  1.3
Evocations     | 1 |  1.3
Conjurations   | 1 |  1.1
Hexes          | 1 |  1.1
Summonings     | 1 |  1.1
Necromancy     | 1 |  1.1
Translocations | 1 |  1.1
Transmutations | 1 |  1.1
Fire Magic     | 1 |  1.1
Ice Magic      | 1 |  1.1
Air Magic      | 1 |  1.1
Earth Magic    | 1 |  1.1
Poison Magic   | 1 |  1.1
Fighting       | |  6.6
Polearms       | |  4.7
Armour         | |  6.6
Shields        | |  6.6

Action                   |  1- 3 |  4- 6 || total
-------------------------+-------+-------++-------
Melee: Trident           |   101 |    58 ||   159
       Bite              |     8 |     3 ||    11
Throw: Dart              |       |     1 ||     1
  Use: Scroll            |       |     2 ||     2
       Potion            |       |     1 ||     1
Armor: Scale mail        |    45 |    17 ||    62
Dodge: Dodged            |    22 |    14 ||    36
Block: Kite shield       |    59 |    37 ||    96
